 Dungeon Crawl Stone Soup version 0.18.1-8-gdd0e5ea (webtiles) character file.

419560 Jerry the Impregnable (level 22, -4/201 HPs)
             Began as a Minotaur Fighter on May 25, 2016.
             Was the Champion of Pakellas.
             Slain by a deep troll shaman (21 damage)
             ... on level 1 of the Depths.
             The game lasted 06:57:48 (57073 turns).

Jerry the Impregnable (Minotaur Fighter)           Turns: 57073, Time: 06:57:51

Health: -4/201     AC: 34    Str: 41    XL:     22   Next: 62%
Magic:  31/31      EV: 10    Int:  8    God:    Pakellas [******]
Gold:   3208       SH: 12    Dex: 11    Spells: 1 memorised, 20 levels left

rFire  + + +     SeeInvis +     V - +9 demon whip (drain)
rCold  + + .     Gourm    .     K - +4 plate armour {rN+}
rNeg   + + .     Faith    .     M - +3 buckler "Foxewn" {*Contam +Inv rN+ Str+8}
rPois  +         Spirit   .     x - +1 hat
rElec  +         Dismiss  .     v - +0 cloak
rCorr  +         Reflect  .     y - +0 pair of gloves of Generosity {rF+ rCorr Str+3}
SustAt .         Harm     .     C - +2 pair of boots "Diostoro" {rPois Int+3}
MR     ++...                    k - amulet of Ascent {+Rage rC+ Slay+5}
Stlth  ..........               A - ring of protection from magic
                                c - ring of see invisible

@: resistant, very slightly contaminated, hasted, very quick, very resistant to
hostile enchantments, extremely unstealthy
A: retaliatory headbutt, horns 2, talons 1, fire resistance 1, subdued magic 1,
sturdy frame 1
a: Quick Charge, Device Surge, Supercharge, Renounce Religion, Evoke Berserk
Rage, Evoke Invisibility
}: 2/15 runes: serpentine, abyssal


You were on level 1 of the Depths.
You worshipped Pakellas.
Pakellas was exalted by your worship.
You were not hungry.

You visited 8 branches of the dungeon, and saw 38 of its levels.
You visited the Abyss 2 times.
You also visited: Labyrinth and Volcano.

You collected 5046 gold pieces.
You spent 1838 gold pieces at shops.

Inventory:

Hand Weapons
 V - a +9 demon whip of draining (weapon)
Armour
 v - a +0 cloak (worn)
 x - a +1 hat (worn)
 y - the +0 pair of gloves of Generosity (worn) {rF+ rCorr Str+3}
   (You bought it in a shop on level 2 of the Orcish Mines)

   It affects your strength (+3).
   It protects you from fire.
   It protects you from acid and corrosion.
 C - the +2 pair of boots "Diostoro" (worn) {rPois Int+3}
   (You bought it in a shop on level 6 of the Dungeon)

   It affects your intelligence (+3).
   It protects you from poison.
 K - a +4 plate armour of positive energy (worn)
 M - the +3 buckler "Foxewn" (worn) {*Contam +Inv rN+ Str+8}
   (You took it off an orc high priest on level 3 of the Elven Halls)

   It affects your strength (+8).
   It protects you from negative energy.
   It lets you turn invisible.
   It causes magical contamination when unequipped.
Rods
 t - a +5 rod of clouds (10/10)
   (Pakellas gifted it to you on level 2 of the Lair of Beasts)
Jewellery
 c - a ring of see invisible (left hand)
 k - the amulet of Ascent (around neck) {+Rage rC+ Slay+5}
   (You bought it in a shop on level 2 of the Orcish Mines)

   [amulet of rage]

   It affects your accuracy and damage with ranged weapons and melee attacks
   (+5).
   It protects you from cold.
   It lets you go berserk.
 u - an uncursed ring of protection from cold
 A - a ring of protection from magic (right hand)
 U - the ring "Izxe Wae" {rElec Str+2 Int+3 Dex-3}
   (You found it on level 3 of the Snake Pit)

   [ring of strength]

   It affects your strength (+2).
   It affects your intelligence (+3).
   It affects your dexterity (-3).
   It insulates you from electricity.
Wands
 e - a wand of enslavement (15/24)
 H - a wand of paralysis (23/24)
 N - a wand of disintegration (22/24)
 Z - a wand of digging (18/24)
Scrolls
 a - 2 scrolls of immolation
 j - 19 scrolls of identify
 l - 11 scrolls of remove curse
 o - a scroll of silence
 z - a scroll of magic mapping
 L - a scroll of holy word
 O - 3 scrolls of teleportation
 Q - 2 scrolls of blinking
Potions
 g - a potion of curing
 m - 4 potions of haste
 p - a potion of ambrosia
 r - 34 potions of magic
 s - 6 potions of flight
 F - a potion of agility
 P - 3 potions of cancellation
Miscellaneous
 d - a phial of floods (inert)
 i - a disc of storms
 w - a legendary deck of summoning {drawn: 1}
 D - a fan of gales (inert)
 G - a lamp of fire (inert)
Comestibles
 b - 4 chunks of flesh
 f - 23 bread rations
 q - 9 meat rations
 R - 2 royal jellies
 T - 8 slices of pizza


   Skills:
 + Level 17.7 Fighting
 - Level 20.7(20.8) Maces & Flails
   Level 3.1(14.4) Staves
 - Level 25.0 Armour
 - Level 21.2 Shields
 - Level 14.1 Evocations


You had 20 spell levels left.
You knew the following spells:

 Your Spells              Type           Power        Failure   Level  Hunger
a - Sandblast             Erth           #.....       78%         1    ##.....


Dungeon Overview and Level Annotations

Branches:
Dungeon (15/15)            Temple (1/1) D:6            Lair (8/8) D:10
 Shoals (0/4) Lair:3        Snake (4/4) Lair:3        Slime (0/6) Lair:7
    Orc (2/2) D:11            Elf (3/3) Orc:2        Vaults (4/5) D:14
  Crypt (0/3) Vaults:2     Depths (1/5) D:15

Altars:
Ashenzari
Cheibriados
Dithmenos
Elyvilon
Fedhas
Gozag
Kikubaaqudgha
Makhleb
Nemelex Xobeh
Okawaru
Pakellas
Qazlal
Ru
Sif Muna
Trog
Vehumet
Xom
Yredelemnul
Zin
The Shining One

Shops:
D:4 ?}   D:6 *   D:7 %   D:9 *   Orc:2 ?(*([=*!   Elf:1 [?%!   Snake:2 [
Snake:4 (   Vaults:1 ?

Portals:
Ziggurat: Depths:1
Trove: Vaults:1 (lose all piety)

Annotations:
Lair:2 exclusion: 3 oklob plants
Depths:1 the Enchantress


Innate Abilities, Weirdness & Mutations

You reflexively headbutt those who attack you in melee.
You have a pair of horns on your head.
You have sharp toenails.
Your flesh is heat resistant.
Your spells are a little easier to cast, but a little less powerful.
Your movements are slightly less encumbered by armour (ER -2).


Message History

The spriggan air mage hits the bush but does no damage.
Evoke which item? (* to show all) (? for menu, Esc to quit)
Okay, then.
The spriggan air mage waves its arms in wide circles.
The air twists around and strikes you! The deep troll shaman bites you!!
* * * LOW HITPOINT WARNING * * *
The deep troll shaman claws you.
* * * LOW HITPOINT WARNING * * *
The deep troll shaman claws you but does no damage.
The deep troll shaman calls upon its god to speed up the deep troll.
The deep troll seems to speed up.
Evoke which item? (* to show all) (? for menu, Esc to quit)
You draw a card...
It is the Illusion.
Suddenly you stand beside yourself.
The spriggan air mage hits the bush but does no damage.
The deep troll shaman barely misses you.
The deep troll shaman closely misses you.
You block the deep troll shaman's attack.
The deep troll shaman bites you!!
You die...
Pakellas says: Back to the drawing board! ........# ###.. ..
PPPP.
PP.P ≈ P....
P.P...P ..P.P..P..PPP.P ....P...P......
P.P..P.PP.PPP P.P...P.....P# P.PPP@P.PPPPP.
P.P..TT.....P. .PPP.P.@.P.P.P. .P....xV...P.P. #PPPP.eZTPPP.P§

......#WTi##....
.....##ss.s.....
...####s.T......
..###
##.#........


You could see a deep elf death mage, a jiangshi, 2 deep trolls, a spriggan air
mage, 3 deep troll shamans, a hungry ghost, 4 redbacks, a spriggan zombie, a
crawling corpse and the friendly Jerry's illusion.

Vanquished Creatures
  Sojobo (Vaults:3)
  2 bone dragons
  A hellephant (Abyss:3)
  Jorgrun (Vaults:3)
  2 deep elf master archers (Elf:3)
  A lich (Vaults:1)
  3 deep elf blademasters
  An Executioner (Abyss:3)
  2 tentacled starspawn (Abyss:2)
  2 tengu reavers (Vaults:3)
  Agnes (Snake:1)
  13 greater nagas
  Donald (Elf:3)
  A frost giant (D:15)
  Wiglaf (Vaults:3)
  7 deep elf sorcerers
  9 vault wardens
  Aizul (Snake:2)
  2 orc warlords
  4 deep elf elementalists (Elf:3)
  6 stone giants
  A ghoul (Vaults:4)
  6 ironheart preservers
  7 very ugly things
  4 salamander stormcallers
  13 deep elf demonologists
  8 deep elf annihilators
  2 ettins
  2 deep elf death magi
  Josephine (D:11)
  2 deep elf high priests (Elf:3)
  9 vault guards
  6 great orbs of eyes
  A minotaur (Lab)
  6 yaktaur captains
  A crystal guardian (Vaults:4)
  2 fire dragons
  2 rakshasas (Vaults:1)
  6 hydras
  Fannar (D:12)
  Harold (Lair:2)
  A ghost crab (shapeshifter) (D:10)
  The ghost of crossborder the Cleaver, a journeyman HOFi of Beogh (D:10)
  8 centaur warriors
  19 naga warriors
  2 entropy weavers
  Erolcha (D:8)
  3 ice dragons
  17 anacondas
  A death knight (Vaults:4)
  2 catoblepae
  4 death yaks (Lair:6)
  8 ogre magi
  3 deep troll earth magi (Depths:1)
  2 deep troll shamans
  25 dancing weapons
  6 orc high priests
  4 tengu warriors
  A soul eater (Abyss:3)
  13 naga sharpshooters
  24 deep elf knights
  8 thrashing horrors
  7 shock serpents
  6 skeletal warriors
  A shadow wraith (Vaults:3)
  5 salamander mystics
  A fire crab (Vaults:1)
  2 wizards (D:14)
  15 deep trolls
  An unseen horror (shapeshifter) (Vaults:3)
  6 sea snakes (Snake:4)
  5 unseen horrors
  2 lindwurms (Lair:8)
  8 naga ritualists
  2 flayed ghosts
  3 harpies (Vaults:3)
  11 deep elf archers
  2 giant orange brains
  9 starcursed masses
  7 hill giants
  Pikel (D:8)
  9 ironbrand convokers
  2 phantasmal warriors (Vaults:4)
  13 orc knights
  7 griffons
  3 necromancers
  A wolf spider zombie (D:13)
  An orb spider (shapeshifter) (Elf:1)
  6 mana vipers
  8 orc sorcerers
  70 deep elf magi
  8 cyclopes
  A worldbinder (Abyss:2)
  A hornet (Vaults:4)
  13 ugly things
  3 large abominations
  2 manticores (D:15)
  6 wolf spiders
  21 slime creatures
  2 centaur zombies
  A black mamba (shapeshifter) (Vaults:3)
  13 salamanders
  45 black mambas
  12 elephants
  A sixfirhy (Abyss:2)
  13 vault sentinels
  2 smoke demons
  21 spiny frogs
  6 torpor snails (Lair:8)
  20 naga magi
  18 guardian serpents
  A gargoyle (D:12)
  An orange demon (Abyss:2)
  A hellion (Abyss:3)
  12 komodo dragons
  8 rime drakes
  33 yaktaurs
  5 kobold demonologists
  2 tormentors (Abyss:3)
  2 guardian mummies (Vaults:1)
  3 freezing wraiths (Vaults:4)
  2 tengu conjurers
  4 ancient zymes
  4 giant leeches (Lair:8)
  5 trolls
  14 two-headed ogres
  A merfolk (shapeshifter) (Vaults:1)
  2 wind drakes (shapeshifter)
  A raiju (Abyss:3)
  A raiju (shapeshifter) (Abyss:3)
  33 blink frogs
  2 boulder beetles
  An ettin skeleton (Vaults:2)
  5 air elementals
  Sigmund (D:3)
  A stone giant simulacrum (Abyss:3)
  A centaur simulacrum (D:14)
  A spriggan (Lair:5)
  A spriggan (shapeshifter) (Depths:1)
  2 shadows
  A yak (shapeshifter) (Vaults:1)
  46 yaks
  A tarantella (shapeshifter) (Elf:1)
  8 wraiths
  9 redbacks
  2 water elementals (Elf:1)
  2 fire elementals
  3 fire bats (Abyss:2)
  2 basilisks
  11 wyverns
  20 humans
  2 hungry ghosts
  4 chaos spawn (Abyss:2)
  11 hippogriffs
  2 golden eyes (Abyss:3)
  14 vampire mosquitoes
  A neqoxec (Abyss:2)
  A mottled dragon (D:14)
  5 wargs
  52 nagas
  2 hell hounds (Lair:7)
  11 porcupines
  2 ice beasts
  30 water moccasins
  56 orc warriors
  8 wasps (Lair:8)
  A slave (D:8)
  A black bear (Lair:5)
  2 eyes of draining
  53 ogres
  2 phantoms
  16 wolves
  A necrophage (D:14)
  5 boggarts (Vaults:2)
  10 centaurs
  23 crocodiles
  Blork the orc (D:6)
  10 big kobolds
  18 giant frogs
  A wyvern zombie (D:13)
  3 earth elementals
  A glowing shapeshifter simulacrum (Vaults:2)
  2 wyvern skeletons
  2 scorpions
  13 wights
  13 killer bees
  7 howler monkeys
  5 electric eels
  9 crimson imps
  2 quasits
  A human simulacrum (Vaults:1)
  A giant frog zombie (D:13)
  3 jellies
  4 gnoll shamans
  10 hounds
  37 orc wizards
  10 small abominations
  6 centaur skeletons
  A giant frog skeleton (D:13)
  13 orc priests
  Crazy Yiuf (D:4)
  16 iguanas
  14 worker ants
  30 sheep
  A hound skeleton (D:7)
  A hound zombie (D:5)
  2 howler monkey zombies
  38 gnolls
  3 howler monkey skeletons
  23 adders
  88 river rats
  8 shadow imps
  2 white imps (Abyss:2)
  An ufetubus (Abyss:3)
  2 oozes
  2 adder skeletons
  An adder zombie (D:6)
  19 worms
  2 dart slugs
  4 giant geckos
  110 orcs
  10 giant cockroaches
  5 hobgoblins
  25 jackals
  7 quokkas
  5 ball pythons
  7 bats
  7 giant newts
  7 goblins
  2 jackal skeletons
  35 kobolds
  4 rats
  A bush (Depths:1)
  A fungus (Lair:8)
  3 plants
1949 creatures vanquished.

Vanquished Creatures (collateral kills)
  A deep elf demonologist (Elf:1)
  A deep elf death mage (Elf:1)
  A naga warrior (Snake:4)
  A death knight (Vaults:4)
  A dancing weapon (Elf:1)
  An orc high priest (Orc:2)
  A deep elf archer (Vaults:3)
  A human zombie (Vaults:2)
  A deep elf mage (Elf:1)
  A black mamba (Snake:4)
  A human skeleton (Vaults:2)
  A fire elemental (Elf:1)
  2 orc warriors (Orc:2)
  2 big kobolds (Vaults:1)
  An orc (Orc:2)
  2 kobolds (Vaults:1)
19 creatures vanquished.

Vanquished Creatures (others)
  Vashnia (Snake:2)
  A tengu reaver (Vaults:2)
  A shock serpent (Snake:4)
  7 naga sharpshooters
  A deep elf knight (Elf:2)
  A skeletal warrior (Vaults:4)
  A deep elf archer (Elf:3)
  A black mamba (Snake:4)
  A slave (D:8)
  A centaur (D:9)
  An orc (Orc:2)
  13 bushes (Depths:1)
  A fire vortex (Vaults:4)
  11 fungi
  A lurking horror (Abyss:3)
  54 plants
  4 starspawn tentacles (Abyss:2)
  9 starspawn tentacle segments (Abyss:2)
110 creatures vanquished.

Grand Total: 2078 creatures vanquished

Notes
Turn   | Place    | Note
--------------------------------------------------------------
     0 | D:1      | Jerry the Minotaur Fighter began the quest for the Orb.
     0 | D:1      | Reached XP level 1. HP: 19/19 MP: 0/0
   184 | D:1      | Reached XP level 2. HP: 19/26 MP: 1/1
   304 | D:1      | Reached skill level 4 in Armour
   708 | D:2      | Reached XP level 3. HP: 31/31 MP: 2/2
  1152 | D:2      | Found a radiant altar of Vehumet.
  1281 | D:3      | Found a shattered altar of Ashenzari.
  1297 | D:3      | Reached XP level 4. HP: 28/39 MP: 3/3
  1298 | D:3      | Found a shadowy altar of Dithmenos.
  1303 | D:3      | Found a white marble altar of Elyvilon.
  1310 | D:3      | Found a snail-covered altar of Cheibriados.
  1750 | D:3      | Reached skill level 5 in Armour
  1769 | D:3      | Noticed Sigmund
  1787 | D:3      | Killed Sigmund
  1787 | D:3      | Reached skill level 5 in Maces & Flails
  1787 | D:3      | Reached skill level 5 in Shields
  1787 | D:3      | Reached XP level 5. HP: 27/45 MP: 4/4
  1787 | D:3      | Reached XP level 6. HP: 31/51 MP: 5/5
  2531 | D:3      | Reached skill level 6 in Armour
  2783 | D:3      | Reached XP level 7. HP: 21/57 MP: 6/6
  3636 | D:4      | Found Ezummiq's Magic Scroll Boutique.
  3647 | D:4      | Bought a scroll of remove curse for 30 gold pieces
  3714 | D:4      | Noticed Crazy Yiuf
  3719 | D:4      | Killed Crazy Yiuf
  3719 | D:4      | Reached skill level 7 in Armour
  4012 | D:4      | Found Gudwetta's Gadget Emporium.
  4140 | D:4      | Reached XP level 8. HP: 64/64 MP: 7/7
  4274 | D:5      | Entered Level 5 of the Dungeon
  4324 | D:5      | Found a shattered altar of Ashenzari.
  5046 | D:6      | Found a deep blue altar of Sif Muna.
  5069 | D:5      | Reached skill level 1 in Staves
  5069 | D:5      | Reached skill level 8 in Armour
  5069 | D:5      | Reached skill level 1 in Evocations
  5161 | D:6      | Noticed Blork the orc
  5175 | D:6      | Killed Blork the orc
  5472 | D:6      | Found Cediw's General Store.
  5561 | D:6      | Found a staircase to the Ecumenical Temple.
  5575 | Temple   | Entered the Ecumenical Temple
  5852 | D:7      | Reached XP level 9. HP: 70/70 MP: 9/9
  6160 | D:7      | Reached skill level 9 in Armour
  6174 | D:7      | Found a stormy altar of Qazlal.
  6270 | D:7      | Found Bisuf's Food Boutique.
  6412 | D:7      | Gained mutation: Your spells are a little easier to cast, but a little less powerful. [potion of mutation]
  6412 | D:7      | Gained mutation: You have sharp toenails. [potion of mutation]
  6412 | D:7      | Gained mutation: Your flesh is heat resistant. [potion of mutation]
  6841 | D:8      | Noticed Erolcha
  6846 | D:8      | Killed Erolcha
  6846 | D:8      | Reached skill level 10 in Armour
  6846 | D:8      | Reached XP level 10. HP: 77/77 MP: 10/12
  6942 | D:8      | Noticed Pikel
  6970 | D:8      | Killed Pikel
  6970 | D:8      | Reached skill level 10 in Shields
  7111 | D:8      | Found a sparkling altar of Nemelex Xobeh.
  7305 | D:8      | Found an opulent altar of Gozag.
  7305 | D:8      | Found a glowing silver altar of Zin.
  7369 | D:8      | Found an ancient bone altar of Kikubaaqudgha.
  7792 | D:8      | Reached skill level 5 in Evocations
  8022 | D:9      | Found an oddly glowing altar of Pakellas.
  8026 | D:9      | Reached skill level 10 in Maces & Flails
  8042 | D:9      | Became a worshipper of Pakellas the Inventive
  8081 | D:9      | Found Nicvupn's General Store.
  8791 | D:9      | Reached skill level 11 in Armour
  8805 | D:9      | Got a pair of ichor-stained gloves
  8819 | D:9      | Identified the -4 pair of gloves of Mun Amab {Dex+5 Stlth+} (You found it on level 9 of the Dungeon)
  8852 | D:10     | Entered Level 10 of the Dungeon
  8865 | D:10     | Noticed crossborder's ghost (journeyman HOFi)
  9291 | D:10     | Found a staircase to the Lair.
  9291 | D:10     | Noticed an elephant
  9314 | D:10     | Reached * piety under Pakellas
  9314 | D:10     | Received a gift from Pakellas
  9348 | D:10     | Killed an elephant
  9551 | D:10     | Noticed a wolf spider
  9559 | D:10     | Killed a wolf spider
  9559 | D:10     | Reached XP level 11. HP: 75/82 MP: 14/14
  9582 | D:10     | Noticed a mana viper
  9582 | D:10     | a redback changed into a mana viper
  9590 | D:10     | Noticed a ghost crab
  9590 | D:10     | a mana viper changed into a ghost crab
  9603 | D:10     | Killed a ghost crab
 10241 | D:10     | Reached ** piety under Pakellas
 10241 | D:10     | Received a gift from Pakellas
 10419 | D:10     | Noticed an unseen horror
 10435 | D:10     | Killed an unseen horror
 10942 | D:10     | Killed crossborder's ghost
 10942 | D:10     | Reached skill level 12 in Armour
 11164 | D:10     | Identified a scroll of acquirement
 11196 | Lair:1   | Entered Level 1 of the Lair of Beasts
 11926 | Lair:1   | Reached *** piety under Pakellas
 11926 | Lair:1   | Received a gift from Pakellas
 11971 | Lair:1   | Found a bloodstained altar of Trog.
 12455 | Lair:2   | Noticed Harold
 12509 | Lair:2   | Killed Harold
 12509 | Lair:2   | Reached XP level 12. HP: 55/90 MP: 16/16
 12868 | Lair:2   | Reached **** piety under Pakellas
 12868 | Lair:2   | Received a gift from Pakellas
 13281 | Lair:2   | Reached skill level 13 in Armour
 13648 | Lair:2   | Found a blossoming altar of Fedhas.
 14064 | Lair:2   | Reached ***** piety under Pakellas
 14064 | Lair:2   | Received a gift from Pakellas
 14160 | Lair:2   | Identified a +5 rod of clouds (10/10) (Pakellas gifted it to you on level 2 of the Lair of Beasts)
 14397 | Lair:3   | Noticed a six-headed hydra
 14409 | Lair:3   | Killed a six-headed hydra
 14504 | Lair:3   | Got an iridescent flail
 14505 | Lair:3   | Identified the +5 flail "Ultimatum" {venom, rElec MP+9 Int+7} (You found it on level 3 of the Lair of Beasts)
 14960 | Lair:3   | Found a staircase to the Snake Pit.
 15218 | Lair:3   | Found a staircase to the Shoals.
 15274 | Lair:3   | Reached XP level 13. HP: 90/95 MP: 18/18
 15890 | Lair:4   | Reached skill level 14 in Armour
 16475 | Lair:4   | Gained mutation: Your movements are slightly less encumbered by armour (ER -2). [potion of beneficial mutation]
 16655 | D:6      | Bought the +2 pair of boots "Diostoro" {rPois Int+3} for 352 gold pieces
 16971 | Lair:5   | Reached ****** piety under Pakellas
 18107 | Lair:6   | Reached skill level 10 in Evocations
 19105 | Lair:7   | Found a dark tunnel.
 19120 | Volcano  | Entered a volcano
 19260 | Volcano  | Reached skill level 15 in Armour
 19413 | Lair:7   | Reached XP level 14. HP: 69/102 MP: 20/20
 19467 | Lair:7   | Found a staircase to the Slime Pits.
 20266 | Lair:8   | Entered Level 8 of the Lair of Beasts
 20329 | Lair:8   | Reached skill level 15 in Shields
 21315 | Lair:8   | Reached skill level 16 in Armour
 21488 | Lair:8   | Found a runed door.
 23002 | Snake:1  | Entered Level 1 of the Snake Pit
 23002 | Snake:1  | Noticed Agnes
 23014 | Snake:1  | Killed Agnes
 23017 | Snake:1  | Reached XP level 15. HP: 110/110 MP: 23/23
 23061 | Snake:1  | Reached skill level 17 in Armour
 23082 | Snake:1  | Reached skill level 5 in Fighting
 24762 | Snake:2  | Noticed Vashnia
 24775 | Snake:2  | Noticed a greater naga
 24784 | Snake:2  | Killed a greater naga
 24787 | Snake:2  | Killed Vashnia
 24949 | Snake:2  | Found Kaamnet's Antique Armour Boutique.
 25255 | Snake:2  | Noticed Aizul
 25274 | Snake:2  | Killed Aizul
 26024 | Snake:2  | Reached XP level 16. HP: 128/128 MP: 24/24
 26459 | Snake:3  | Reached skill level 18 in Armour
 26949 | Snake:3  | Reached XP level 17. HP: 115/137 MP: 17/25
 27239 | Snake:3  | Got a glittering ivory ring
 27241 | Snake:3  | Found a snail-covered altar of Cheibriados.
 27402 | Snake:3  | Reached skill level 15 in Maces & Flails
 27730 | Snake:4  | Entered Level 4 of the Snake Pit
 28380 | Snake:4  | Identified the ring "Izxe Wae" {rElec Str+2 Int+3 Dex-3} (You found it on level 3 of the Snake Pit)
 29948 | Snake:4  | Found Awnasi Ziew's Weapon Shoppe.
 30592 | Snake:4  | Reached skill level 19 in Armour
 31194 | Snake:4  | Reached XP level 18. HP: 127/145 MP: 15/27
 32109 | Snake:4  | Got a serpentine rune of Zot
 32919 | D:11     | Found a staircase to the Orcish Mines.
 33010 | D:11     | Noticed Josephine
 33038 | D:11     | Killed Josephine
 33446 | Orc:1    | Entered Level 1 of the Orcish Mines
 33914 | Orc:2    | Entered Level 2 of the Orcish Mines
 33914 | Orc:2    | Found Loekkiad's General Store.
 33918 | Orc:2    | Bought a potion of heal wounds for 80 gold pieces
 34107 | Orc:1    | Reached skill level 20 in Armour
 34295 | Orc:2    | Found Boghiurgh's Antique Armour Shop.
 34519 | Orc:2    | Bought a pair of scorched gloves for 275 gold pieces
 34529 | Orc:2    | Identified the cursed +0 pair of gloves of Generosity {rF+ rCorr Str+3} (You bought it in a shop on level 2 of the Orcish Mines)
 34551 | Orc:2    | Found Itautroe's Jewellery Shoppe.
 34559 | Orc:2    | Bought the amulet of Ascent {+Rage rC+ Slay+5} for 1050 gold pieces
 34569 | Orc:2    | Found a radiant altar of Vehumet.
 34706 | Orc:2    | Found Voliy's Distillery.
 34733 | Orc:2    | Found a staircase to the Elven Halls.
 34773 | Orc:2    | Found Kahuc's Antique Weapon Boutique.
 34780 | Orc:2    | Found Leriumu's Antique Weapon Shoppe.
 34798 | Orc:2    | Found Fuva's General Store.
 35007 | Orc:2    | Found Durib's Magic Scroll Boutique.
 35161 | Elf:1    | Entered Level 1 of the Elven Halls
 35311 | Elf:1    | You fall through a shaft!
 35389 | Elf:1    | Found Jarevul's Food Shoppe.
 35406 | Elf:1    | Noticed an Ice Fiend
 35409 | Elf:1    | Noticed a Tzitzimitl
 35410 | Elf:1    | Noticed a Tzitzimitl
 35877 | Elf:1    | Found Yshrolat's Distillery.
 35886 | Elf:1    | Found Selup's Magic Scroll Boutique.
 35890 | Elf:1    | Found Bueqad's Armour Shoppe.
 37679 | Elf:3    | Entered Level 3 of the Elven Halls
 37955 | Elf:2    | Reached skill level 21 in Armour
 38033 | Elf:1    | Reached XP level 19. HP: 58/151 MP: 28/28
 38639 | Elf:2    | Found a runed gate.
 38639 | Elf:2    | Found a runed gate.
 38639 | Elf:2    | Found a runed gate.
 39849 | Elf:3    | Noticed a Brimstone Fiend
 40157 | Elf:3    | Noticed Donald
 40179 | Elf:3    | Killed Donald
 40255 | Elf:3    | Reached skill level 22 in Armour
 40933 | Elf:3    | Reached skill level 10 in Fighting
 41337 | Elf:3    | Cast into level 2 of the Abyss (a deep elf sorcerer)
 41759 | Abyss:2  | Reached XP level 20. HP: 151/163 MP: 29/29
 41763 | Abyss:2  | Noticed a bone dragon
 41790 | Abyss:2  | Killed a bone dragon
 41964 | Elf:3    | Escaped the Abyss
 42845 | Elf:3    | Cast into level 3 of the Abyss (a deep elf demonologist)
 43326 | Abyss:3  | Got an abyssal rune of Zot
 43343 | Abyss:3  | Noticed a bone dragon
 43362 | Abyss:3  | Killed a bone dragon
 43452 | Elf:3    | Escaped the Abyss
 43898 | Elf:3    | Identified Sif Muna's Incunabulum of the Traveller and Ignition
 43971 | Elf:3    | Learned a level 1 spell: Sandblast
 43996 | Elf:3    | Got a spiked buckler
 44028 | Elf:3    | Paralysed by an orc sorcerer for 2 turns
 44119 | Elf:3    | Identified the +3 buckler "Foxewn" {*Contam +Inv rN+ Str+8} (You took it off an orc high priest on level 3 of the Elven Halls)
 44553 | D:12     | Reached skill level 23 in Armour
 44585 | D:12     | Found a labyrinth entrance.
 44597 | Lab      | Entered a labyrinth
 44805 | Lab      | Got a crude hand axe
 45112 | D:12     | Noticed Fannar
 45118 | D:12     | Killed Fannar
 46865 | D:14     | Found a gate to the Vaults.
 47616 | D:15     | Entered Level 15 of the Dungeon
 47701 | D:15     | Identified Cavvomea's Almanac of Scorching Stones
 48083 | D:15     | Found a staircase to the Depths.
 48475 | Vaults:1 | Entered Level 1 of the Vaults
 48604 | Vaults:1 | Found a portal to a secret trove of treasure.
 49011 | Vaults:1 | Found Zoiriaxi's Magic Scroll Boutique.
 49026 | Vaults:1 | Bought a scroll of teleportation for 51 gold pieces
 49186 | Vaults:1 | Reached XP level 21. HP: 137/179 MP: 30/30
 50448 | Vaults:2 | Found a staircase to the Crypt.
 50448 | Vaults:2 | Found a basalt altar of Yredelemnul.
 50449 | Vaults:2 | Found an ancient bone altar of Kikubaaqudgha.
 50929 | Vaults:2 | Reached skill level 24 in Armour
 51490 | Vaults:2 | Identified the Compendium of Feathers and the Voyage
 52318 | Vaults:2 | Reached skill level 15 in Fighting
 52743 | Vaults:3 | Noticed Sojobo
 52769 | Vaults:3 | Killed Sojobo
 53048 | Vaults:3 | Noticed Wiglaf
 53055 | Vaults:3 | Killed Wiglaf
 53318 | Vaults:3 | Noticed Jorgrun
 53325 | Vaults:3 | Killed Jorgrun
 54301 | Vaults:4 | Reached XP level 22. HP: 194/194 MP: 31/31
 55397 | Vaults:4 | HP: 3/196 [mirror damage (41)]
 56045 | Vaults:4 | Reached skill level 25 in Armour
 56885 | Depths:1 | Entered Level 1 of the Depths
 56956 | Depths:1 | Noticed the Enchantress
 57010 | Depths:1 | Found a gateway to a ziggurat.
 57067 | Depths:1 | HP: 9/201 [jiangshi[a vampire mage] (9)]
 57073 | Depths:1 | Slain by a deep troll shaman

Skill      XL: |  1  2  3  4  5  6  7  8  9 10 11 12 13 14 15 16 17 18 19 20 21 22 |
---------------+-------------------------------------------------------------------+-----
Maces & Flails | 3 5 7 9 10 12 13 14 16 17 18 20 | 20.7
Armour         | 4 5 6 7 8 10 11 12 13 15 16 17 18 19 21 22 23 24 25 | 25.0
Shields        | 4 5 6 7 8 9 11 12 13 14 15 16 18 20 21 | 21.2
Staves         | 3 |  3.1
Evocations     | 2 4 6 7 9 10 12 13 14 | 14.1
Fighting       | 4 8 9 10 13 15 17 | 17.7

Action                   |  1- 3 |  4- 6 |  7- 9 | 10-12 | 13-15 | 16-18 | 19-21 | 22-24 || total
-------------------------+-------+-------+-------+-------+-------+-------+-------+-------++-------
Melee: Flail             |   115 |   167 |   405 |   143 |  1487 |  1429 |       |       ||  3746
       Headbutt          |    15 |    23 |    62 |   287 |   293 |   335 |   499 |   147 ||  1661
       Kick              |       |       |     5 |   431 |    56 |       |       |       ||   492
       Whip              |       |       |       |  1259 |       |       |       |       ||  1259
       Dire flail        |       |       |       |    35 |       |       |       |       ||    35
       Demon whip        |       |       |       |       |       |    72 |  1868 |   400 ||  2340
Invok: Quick Charge      |       |       |       |     5 |     7 |     8 |     2 |       ||    22
       Device Surge      |       |       |       |     2 |     1 |    16 |     1 |       ||    20
Evoke: Wand              |       |       |       |    26 |    23 |    27 |     6 |     1 ||    83
       Rod               |       |       |       |     3 |    24 |    33 |     4 |       ||    64
       Disc of storms    |       |       |       |       |     8 |    22 |    13 |       ||    43
       Fan of gales      |       |       |       |       |       |     3 |     1 |     2 ||     6
       Lamp of fire      |       |       |       |       |       |     2 |     3 |     1 ||     6
       Phial of floods   |       |       |       |       |       |     2 |     2 |     1 ||     5
       Deck              |       |       |       |       |       |       |       |     1 ||     1
  Use: Potion            |       |     2 |     9 |     4 |     3 |     8 |     8 |     4 ||    38
       Scroll            |       |       |     8 |    17 |    11 |    17 |    12 |     4 ||    69
 Stab: Paralysed         |       |       |       |    24 |    17 |    23 |     2 |       ||    66
       Confused          |       |       |       |     1 |       |     1 |       |       ||     2
       Distracted        |       |       |       |       |       |       |     1 |     1 ||     2
  Eat: Chunk             |     1 |     5 |    15 |    29 |    34 |    33 |    50 |     9 ||   176
       Beef jerky        |       |       |     1 |       |       |     4 |     2 |       ||     7
       Meat ration       |       |       |     1 |       |       |       |       |       ||     1
       Pizza             |       |       |       |     1 |     2 |     1 |     1 |       ||     5
       Fruit             |       |       |       |       |     7 |     6 |       |       ||    13
       Bread ration      |       |       |       |       |       |     2 |       |       ||     2
Armor: Scale mail        |    56 |    64 |    36 |     3 |       |       |       |       ||   159
       Ring mail         |       |       |     1 |       |       |       |       |       ||     1
       Crystal plate arm |       |       |   146 |   638 |   503 |   362 |   257 |       ||  1906
       Skin              |       |       |    13 |       |       |       |       |       ||    13
       Plate armour      |       |       |       |       |       |       |   337 |   217 ||   554
Dodge: Dodged            |    38 |    45 |    61 |   157 |   177 |   102 |   286 |   100 ||   966
Block: Shield            |    56 |    95 |   262 |   801 |  1089 |       |   233 |       ||  2536
       Reflection        |       |       |     2 |    14 |    65 |   171 |    29 |       ||   281
       Other             |       |       |       |     5 |       |       |       |       ||     5
       Large shield      |       |       |       |       |   128 |  1666 |   229 |       ||  2023
       Buckler           |       |       |       |       |       |       |   365 |   189 ||   554
